[ PARTIDA AOE2 · #513709039 ]
UnrankedSicilianos vs Huns
Equipo del jugador · VICT
Equipo rival · DERR
[ ANÁLISIS DE REPETICIÓN · EXTRAÍDO DE LA PARTIDA GRABADA ]
Feudal
24:40
Castillos
—
Imperial
—
| APM promedio | 59.9 |
| APM pico | 104 |
| eAPM promedio | 29.6 |
| Aldeanos / militares | 103 / 32 |
Foco
⚔️ 41.0% · 🌾 59.0%
Archer ×24 · Serjeant ×5 · Scout Cavalry ×3
Feudal
15:21
Castillos
—
Imperial
—
| APM promedio | 65.6 |
| APM pico | 109 |
| eAPM promedio | 28.4 |
| Aldeanos / militares | 45 / 2 |
Foco
⚔️ 17.6% · 🌾 82.4%
Militia ×1 · Spearman ×1
Mapa de la partida
Recursos iniciales + cada clic de construcción. Líneas = muros · curvas = relieve. ◆ oro · ⬟ piedra · ● bayas · ✦ reliquia · ◌ hueco del cierre
Tu base· Abierta — flanco sin cerrar
Base de takisco· Abierta — flanco sin cerrar
Terreno inicial suavizado · ◌ = hueco del cierre detectado · pasá el cursor para detalles
Inputs por minuto
— el rey de los chanchos - - takisco
Build order — el rey de los chanchos
Primeras 150 de 223 acciones detectadas
| 0:00 | queue | Villager (Male) |
| 0:01 | queue | Villager (Male) |
| 0:02 | Construir | House |
| 0:02 | queue | Villager (Male) |
| 0:03 | Construir | House |
| 0:05 | queue | Villager (Male) |
| 0:06 | queue | Villager (Male) |
| 0:06 | queue | Villager (Male) |
| 0:31 | Investigar | Loom |
| 0:31 | queue | Villager (Male) |
| 0:31 | queue | Villager (Male) |
| 0:31 | queue | Villager (Male) |
| 1:01 | Construir | Palisade Wall |
| 1:03 | Construir | Palisade Wall |
| 1:09 | Construir | Palisade Wall |
| 1:13 | Construir | Palisade Wall |
| 1:15 | Construir | Palisade Wall |
| 1:16 | Construir | Palisade Wall |
| 1:41 | queue | Villager (Male) |
| 1:41 | queue | Villager (Male) |
| 2:22 | queue | Villager (Male) |
| 2:23 | queue | Villager (Male) |
| 2:25 | Construir | Palisade Wall |
| 2:26 | Construir | Palisade Wall |
| 2:28 | Construir | Palisade Wall |
| 2:30 | Construir | Palisade Wall |
| 2:30 | Construir | Palisade Wall |
| 2:31 | Construir | Palisade Wall |
| 2:32 | Construir | Palisade Wall |
| 2:33 | Construir | Palisade Wall |
| 2:35 | Construir | Palisade Wall |
| 2:38 | Construir | Palisade Wall |
| 3:09 | queue | Villager (Male) |
| 3:09 | queue | Villager (Male) |
| 3:10 | queue | Villager (Male) |
| 3:36 | Construir | Palisade Wall |
| 3:36 | Construir | Palisade Wall |
| 3:37 | Construir | Palisade Wall |
| 3:37 | Construir | Palisade Wall |
| 3:37 | Construir | Palisade Wall |
| 3:37 | Construir | Palisade Wall |
| 3:38 | Construir | Palisade Wall |
| 3:38 | Construir | Palisade Wall |
| 3:38 | Construir | Palisade Wall |
| 3:38 | Construir | Palisade Wall |
| 3:38 | Construir | Palisade Wall |
| 3:39 | Construir | Palisade Wall |
| 3:39 | Construir | Palisade Wall |
| 3:50 | queue | Villager (Male) |
| 4:35 | Construir | Palisade Wall |
| 4:38 | Construir | Palisade Wall |
| 4:39 | Construir | Palisade Wall |
| 4:45 | Construir | Palisade Wall |
| 4:49 | queue | Villager (Male) |
| 4:49 | queue | Villager (Male) |
| 4:50 | queue | Villager (Male) |
| 4:54 | queue | Villager (Male) |
| 5:13 | queue | Villager (Male) |
| 5:13 | queue | Villager (Male) |
| 5:13 | queue | Villager (Male) |
| 5:25 | Construir | House |
| 5:27 | Construir | Palisade Wall |
| 5:30 | Construir | Palisade Wall |
| 5:31 | Construir | Palisade Wall |
| 5:33 | Construir | Palisade Wall |
| 5:42 | Construir | House |
| 6:01 | queue | Villager (Male) |
| 6:02 | queue | Villager (Male) |
| 6:02 | queue | Villager (Male) |
| 6:23 | Construir | Palisade Wall |
| 6:26 | Construir | Palisade Wall |
| 6:39 | queue | Villager (Male) |
| 6:40 | queue | Villager (Male) |
| 8:04 | Construir | House |
| 8:06 | Construir | Palisade Wall |
| 8:07 | Construir | Palisade Wall |
| 8:20 | Construir | Palisade Wall |
| 8:30 | Construir | House |
| 8:31 | Construir | House |
| 8:35 | queue | Villager (Male) |
| 8:36 | queue | Villager (Male) |
| 8:36 | queue | Villager (Male) |
| 8:36 | queue | Villager (Male) |
| 8:36 | queue | Villager (Male) |
| 8:37 | queue | Villager (Male) |
| 9:00 | queue | Villager (Male) |
| 9:00 | queue | Villager (Male) |
| 9:00 | queue | Villager (Male) |
| 9:00 | queue | Villager (Male) |
| 9:24 | queue | Villager (Male) |
| 9:25 | queue | Villager (Male) |
| 9:25 | queue | Villager (Male) |
| 9:55 | queue | Villager (Male) |
| 9:56 | queue | Villager (Male) |
| 10:18 | queue | Villager (Male) |
| 10:18 | queue | Villager (Male) |
| 10:18 | queue | Villager (Male) |
| 10:24 | Construir | Lumber Camp |
| 10:34 | queue | Villager (Male) |
| 11:23 | Construir | Mill |
| 12:04 | Construir | House |
| 12:04 | Construir | House |
| 12:07 | queue | Villager (Male) |
| 12:07 | queue | Villager (Male) |
| 12:07 | queue | Villager (Male) |
| 12:44 | queue | Villager (Male) |
| 12:45 | queue | Villager (Male) |
| 12:45 | queue | Villager (Male) |
| 12:45 | queue | Villager (Male) |
| 12:45 | queue | Villager (Male) |
| 13:21 | queue | Villager (Male) |
| 13:21 | queue | Villager (Male) |
| 13:22 | queue | Villager (Male) |
| 13:22 | queue | Villager (Male) |
| 13:22 | queue | Villager (Male) |
| 13:22 | queue | Villager (Male) |
| 13:43 | Construir | Town Center |
| 14:09 | queue | Villager (Male) |
| 14:10 | queue | Villager (Male) |
| 14:10 | queue | Villager (Male) |
| 14:10 | queue | Villager (Male) |
| 14:14 | queue | Villager (Male) |
| 14:14 | queue | Villager (Male) |
| 14:15 | queue | Villager (Male) |
| 14:15 | queue | Villager (Male) |
| 14:15 | queue | Villager (Male) |
| 14:15 | queue | Villager (Male) |
| 14:16 | queue | Villager (Male) |
| 14:16 | queue | Villager (Male) |
| 14:24 | Construir | Mill |
| 15:19 | queue | Villager (Male) |
| 15:49 | queue | Villager (Male) |
| 15:49 | queue | Villager (Male) |
| 15:49 | queue | Villager (Male) |
| 16:18 | Construir | Palisade Wall |
| 16:24 | Construir | Palisade Wall |
| 16:27 | Construir | Palisade Wall |
| 16:33 | Construir | Palisade Wall |
| 16:34 | Construir | Palisade Wall |
| 16:35 | Construir | Palisade Wall |
| 16:37 | Construir | Palisade Wall |
| 16:42 | queue | Villager (Male) |
| 16:42 | queue | Villager (Male) |
| 16:58 | queue | Villager (Male) |
| 16:58 | queue | Villager (Male) |
| 17:06 | Construir | House |
| 17:07 | Construir | House |
| 17:19 | queue | Villager (Male) |
| 17:20 | queue | Villager (Male) |
| 17:24 | Construir | House |
Build order — takisco
121 acciones detectadas en el replay
| 0:00 | queue | Villager (Male) |
| 0:01 | queue | Villager (Male) |
| 0:07 | queue | Villager (Male) |
| 0:08 | queue | Villager (Male) |
| 0:08 | queue | Villager (Male) |
| 1:00 | queue | Villager (Male) |
| 1:00 | queue | Villager (Male) |
| 1:52 | queue | Villager (Male) |
| 2:08 | queue | Villager (Male) |
| 2:08 | queue | Villager (Male) |
| 2:50 | queue | Villager (Male) |
| 3:04 | queue | Villager (Male) |
| 3:44 | queue | Villager (Male) |
| 3:45 | queue | Villager (Male) |
| 4:31 | queue | Villager (Male) |
| 4:34 | Construir | Mill |
| 4:50 | queue | Villager (Male) |
| 5:20 | queue | Villager (Male) |
| 6:03 | Investigar | Loom |
| 6:50 | Construir | Palisade Wall |
| 7:10 | Construir | Mill |
| 7:18 | queue | Villager (Male) |
| 7:19 | queue | Villager (Male) |
| 7:42 | queue | Villager (Male) |
| 8:00 | Construir | Palisade Gate |
| 8:23 | queue | Villager (Male) |
| 8:46 | queue | Villager (Male) |
| 9:13 | Construir | Mill |
| 9:18 | Construir | Barracks |
| 9:20 | queue | Villager (Male) |
| 9:25 | queue | Villager (Male) |
| 9:49 | Construir | Lumber Camp |
| 10:14 | Construir | Farm |
| 10:26 | queue | Villager (Male) |
| 10:53 | queue | Villager (Male) |
| 10:55 | Construir | Farm |
| 11:25 | Construir | Farm |
| 11:29 | queue | Villager (Male) |
| 11:54 | queue | Villager (Male) |
| 11:59 | Construir | Palisade Wall |
| 12:02 | Construir | Palisade Wall |
| 12:25 | queue | Villager (Male) |
| 12:47 | Construir | Farm |
| 12:52 | Construir | Farm |
| 12:53 | Construir | Farm |
| 13:02 | Construir | Farm |
| 13:04 | Construir | Farm |
| 13:19 | Investigar | Feudal Age |
| 13:40 | Construir | Palisade Gate |
| 13:51 | queue | Villager (Male) |
| 15:13 | Construir | Palisade Wall |
| 15:14 | Construir | Palisade Wall |
| 15:21 | Edad | Edad Feudal |
| 15:24 | Construir | Blacksmith |
| 15:32 | queue | Villager (Male) |
| 16:06 | queue | Villager (Male) |
| 16:08 | queue | Villager (Male) |
| 16:15 | Investigar | Fletching |
| 16:53 | queue | Villager (Male) |
| 18:32 | Construir | Lumber Camp |
| 19:52 | Construir | Palisade Wall |
| 19:53 | Construir | Palisade Wall |
| 20:17 | Construir | Town Center |
| 21:23 | Construir | Farm |
| 21:27 | Construir | Farm |
| 21:38 | Construir | Palisade Wall |
| 21:41 | Construir | Palisade Wall |
| 21:43 | Construir | Palisade Wall |
| 21:44 | Construir | Palisade Wall |
| 21:54 | Construir | Farm |
| 22:01 | Construir | Farm |
| 22:07 | Construir | Palisade Wall |
| 22:08 | Construir | Palisade Wall |
| 22:18 | Construir | Farm |
| 22:21 | Construir | Farm |
| 22:43 | Construir | Farm |
| 22:46 | Construir | Farm |
| 22:47 | queue | Villager (Male) |
| 22:51 | Construir | Farm |
| 22:55 | Construir | Farm |
| 23:07 | Construir | Palisade Wall |
| 23:11 | Construir | Palisade Wall |
| 23:13 | Construir | Palisade Wall |
| 23:19 | Construir | Farm |
| 23:21 | Construir | Farm |
| 23:26 | queue | Villager (Male) |
| 23:54 | Construir | Mining Camp |
| 23:57 | queue | Villager (Male) |
| 24:01 | Construir | Farm |
| 24:03 | Construir | Farm |
| 24:25 | queue | Villager (Male) |
| 24:44 | queue | Villager (Male) |
| 24:50 | queue | Militia |
| 25:20 | queue | Villager (Male) |
| 25:42 | Construir | Lumber Camp |
| 25:46 | queue | Villager (Male) |
| 26:10 | queue | Villager (Male) |
| 26:37 | queue | Villager (Male) |
| 26:41 | Construir | Mining Camp |
| 26:46 | Investigar | Double-Bit Axe |
| 27:08 | queue | Villager (Male) |
| 27:13 | Construir | Market |
| 27:23 | Construir | Palisade Wall |
| 27:26 | Construir | Palisade Wall |
| 27:33 | Construir | Palisade Wall |
| 27:34 | Construir | Palisade Wall |
| 27:42 | queue | Spearman |
| 27:48 | Construir | Palisade Wall |
| 27:51 | Construir | Palisade Wall |
| 27:53 | Construir | Palisade Wall |
| 28:53 | Construir | Town Center |
| 29:35 | Construir | Farm |
| 29:36 | Construir | Farm |
| 29:46 | queue | Villager (Male) |
| 30:27 | Construir | Farm |
| 30:39 | Investigar | Castle Age |
| 31:02 | Construir | Palisade Wall |
| 31:03 | Construir | Palisade Wall |
| 31:06 | Construir | Palisade Wall |
| 31:08 | Construir | Palisade Wall |
| 31:09 | Construir | Palisade Wall |
Cronología de la partida
| 1:01 | el rey de los chanchos · wall_segment Palisade Wall x1 |
| 1:03 | el rey de los chanchos · wall_segment Palisade Wall x1 |
| 1:09 | el rey de los chanchos · wall_segment Palisade Wall x2 |
| 1:13 | el rey de los chanchos · wall_segment Palisade Wall x1 |
| 1:15 | el rey de los chanchos · wall_segment Palisade Wall x1 |
| 1:16 | el rey de los chanchos · wall_segment Palisade Wall x1 |
| 2:25 | el rey de los chanchos · wall_segment Palisade Wall x1 |
| 2:26 | el rey de los chanchos · wall_segment Palisade Wall x1 |
| 2:28 | el rey de los chanchos · wall_segment Palisade Wall x1 |
| 2:30 | el rey de los chanchos · wall_segment Palisade Wall x1 |
| 2:30 | el rey de los chanchos · wall_segment Palisade Wall x1 |
| 2:31 | el rey de los chanchos · wall_segment Palisade Wall x1 |
| 2:32 | el rey de los chanchos · wall_segment Palisade Wall x1 |
| 2:33 | el rey de los chanchos · wall_segment Palisade Wall x1 |
| 2:35 | el rey de los chanchos · wall_segment Palisade Wall x1 |
| 2:38 | el rey de los chanchos · wall_segment Palisade Wall x1 |
| 3:36 | el rey de los chanchos · wall_segment Palisade Wall x4 |
| 3:36 | el rey de los chanchos · wall_segment Palisade Wall x2 |
| 3:37 | el rey de los chanchos · wall_segment Palisade Wall x1 |
| 3:37 | el rey de los chanchos · wall_segment Palisade Wall x1 |
| 3:37 | el rey de los chanchos · wall_segment Palisade Wall x2 |
| 3:37 | el rey de los chanchos · wall_segment Palisade Wall x1 |
| 3:38 | el rey de los chanchos · wall_segment Palisade Wall x2 |
| 3:38 | el rey de los chanchos · wall_segment Palisade Wall x1 |
| 3:38 | el rey de los chanchos · wall_segment Palisade Wall x1 |
| 3:38 | el rey de los chanchos · wall_segment Palisade Wall x2 |
| 3:38 | el rey de los chanchos · wall_segment Palisade Wall x1 |
| 3:39 | el rey de los chanchos · wall_segment Palisade Wall x1 |
| 3:39 | el rey de los chanchos · wall_segment Palisade Wall x1 |
| 4:35 | el rey de los chanchos · wall_segment Palisade Wall x2 |
| 4:38 | el rey de los chanchos · wall_segment Palisade Wall x1 |
| 4:39 | el rey de los chanchos · wall_segment Palisade Wall x1 |
| 4:45 | el rey de los chanchos · wall_segment Palisade Wall x1 |
| 5:27 | el rey de los chanchos · wall_segment Palisade Wall x1 |
| 5:30 | el rey de los chanchos · wall_segment Palisade Wall x1 |
| 5:31 | el rey de los chanchos · wall_segment Palisade Wall x1 |
| 5:33 | el rey de los chanchos · wall_segment Palisade Wall x1 |
| 6:23 | el rey de los chanchos · wall_segment Palisade Wall x1 |
| 6:26 | el rey de los chanchos · wall_segment Palisade Wall x1 |
| 6:50 | takisco · wall_segment Palisade Wall x1 |
| 8:06 | el rey de los chanchos · wall_segment Palisade Wall x1 |
| 8:07 | el rey de los chanchos · wall_segment Palisade Wall x1 |
| 8:20 | el rey de los chanchos · wall_segment Palisade Wall x1 |
| 9:18 | takisco · first_building Barracks |
| 11:59 | takisco · wall_segment Palisade Wall x4 |
| 12:02 | takisco · wall_segment Palisade Wall x8 |
| 15:13 | takisco · wall_segment Palisade Wall x1 |
| 15:14 | takisco · wall_segment Palisade Wall x1 |
| 15:21 | takisco · age_up feudal |
| 16:18 | el rey de los chanchos · wall_segment Palisade Wall x2 |
| 16:24 | el rey de los chanchos · wall_segment Palisade Wall x2 |
| 16:27 | el rey de los chanchos · wall_segment Palisade Wall x2 |
| 16:33 | el rey de los chanchos · wall_segment Palisade Wall x1 |
| 16:34 | el rey de los chanchos · wall_segment Palisade Wall x1 |
| 16:35 | el rey de los chanchos · wall_segment Palisade Wall x1 |
| 16:37 | el rey de los chanchos · wall_segment Palisade Wall x1 |
| 19:52 | takisco · wall_segment Palisade Wall x1 |
| 19:53 | takisco · wall_segment Palisade Wall x1 |
| 21:38 | takisco · wall_segment Palisade Wall x1 |
| 21:41 | takisco · wall_segment Palisade Wall x1 |
| 21:43 | takisco · wall_segment Palisade Wall x1 |
| 21:44 | takisco · wall_segment Palisade Wall x1 |
| 22:07 | takisco · wall_segment Palisade Wall x1 |
| 22:08 | takisco · wall_segment Palisade Wall x1 |
| 22:25 | el rey de los chanchos · wall_segment Palisade Wall x1 |
| 22:26 | el rey de los chanchos · wall_segment Palisade Wall x1 |
| 22:26 | el rey de los chanchos · wall_segment Palisade Wall x1 |
| 22:27 | el rey de los chanchos · wall_segment Palisade Wall x2 |
| 22:27 | el rey de los chanchos · wall_segment Palisade Wall x1 |
| 22:27 | el rey de los chanchos · wall_segment Palisade Wall x1 |
| 22:28 | el rey de los chanchos · wall_segment Palisade Wall x1 |
| 22:28 | el rey de los chanchos · wall_segment Palisade Wall x1 |
| 22:37 | el rey de los chanchos · wall_segment Palisade Wall x1 |
| 22:41 | el rey de los chanchos · wall_segment Palisade Wall x1 |
| 23:07 | takisco · wall_segment Palisade Wall x1 |
| 23:11 | takisco · wall_segment Palisade Wall x1 |
| 23:13 | takisco · wall_segment Palisade Wall x1 |
| 23:28 | el rey de los chanchos · first_building Barracks |
| 23:37 | el rey de los chanchos · wall_segment Palisade Wall x1 |
| 23:40 | el rey de los chanchos · wall_segment Palisade Wall x1 |
| 24:40 | el rey de los chanchos · age_up feudal |
| 24:46 | el rey de los chanchos · first_building Stable |
| 24:54 | el rey de los chanchos · first_building Donjon |
| 27:23 | takisco · wall_segment Palisade Wall x4 |
| 27:26 | takisco · wall_segment Palisade Wall x1 |
| 27:33 | takisco · wall_segment Palisade Wall x1 |
| 27:34 | takisco · wall_segment Palisade Wall x1 |
| 27:48 | takisco · wall_segment Palisade Wall x1 |
| 27:51 | takisco · wall_segment Palisade Wall x1 |
| 27:53 | takisco · wall_segment Palisade Wall x1 |
| 28:58 | el rey de los chanchos · first_building Archery Range |
| 29:01 | takisco · first_market_sell 100 wood |
| 29:03 | takisco · first_market_buy 100 food |
| 31:02 | takisco · wall_segment Palisade Wall x1 |
| 31:03 | takisco · wall_segment Palisade Wall x1 |
| 31:06 | takisco · wall_segment Palisade Wall x1 |
| 31:08 | takisco · wall_segment Palisade Wall x1 |
| 31:09 | takisco · wall_segment Palisade Wall x1 |
| 31:37 | takisco · resign |
[ ANÁLISIS IA · 1 CRÉDITO ]
¿Qué pasó realmente en esta partida?
Wolo.gg analiza cada decisión: build order, eco, micro, errores típicos por bracket. Análisis personalizado por WhatsApp o Discord en 30 segundos.
Guía civ
Sicilianos
Perfil
Jugador #25988091